 Dungeon Crawl Stone Soup version 0.20-a0-1122-gb7cbeb9 (webtiles) character file.

5950 Manul the Basher (level 10, -2/77 HPs)
             Began as a Mummy Chaos Knight on May 12, 2017.
             Shot with an arrow by a centaur (7 damage)
             ... on level 8 of the Dungeon.
             The game lasted 00:15:05 (10376 turns).

Manul the Basher (Mummy Chaos Knight)              Turns: 10376, Time: 00:15:05

Health: -2/77      AC: 14    Str: 16    XL:     10   Next: 54%
Magic:  22/22      EV: 14    Int: 18    God:    Xom [....*.]
Gold:   391        SH:  0    Dex: 21    Spells: 24/25 levels left

rFire    . . .     SeeInvis .   e - +4 whip (elec)
rCold    . . .     Gourm    .   (no shield)
rNeg     + + +     Faith    .   p - +2 ring mail of Obriunatas {rElec rF+ rC- Int+4 Dex+4}
rPois    ∞         Spirit   .   (no helmet)
rElec    +         Reflect  .   s - +1 cloak {rPois}
rCorr    .         Harm     .   o - +1 pair of gloves
MR       +....                  h - +0 pair of boots
Stlth    +.........             (no amulet)
Regen    0.3/turn               n - +5 ring of dexterity
MPRegen  0.2/turn               (no ring)

@: very slightly contaminated, slowed, very slow
A: no food or potions, fire vulnerability, cold resistance 1, negative energy
resistance 3, torment resistance, unbreathing
a: Renounce Religion


You were on level 8 of the Dungeon.
You worshipped Xom.
You were a beloved toy of Xom.
You were not hungry.

You visited 1 branch of the dungeon, and saw 9 of its levels.

You collected 391 gold pieces.

Inventory:

Hand Weapons
 a - a +1 mace of chaos
 e - a +4 whip of electrocution (weapon)
 m - the +3 hunting sling of Acorips {venom, Dex+4}
   (You found it on level 7 of the Dungeon)

   It poisons the ammo it fires.
   It affects your dexterity (+4).
Missiles
 u - 9 sling bullets
Armour
 b - a +2 leather armour
 h - a +0 pair of boots (worn)
 o - a +1 pair of gloves (worn)
 p - the +2 ring mail of Obriunatas (worn) {rElec rF+ rC- Int+4 Dex+4}
   (You found it on level 5 of the Dungeon)

   It affects your intelligence (+4).
   It affects your dexterity (+4).
   It protects you from fire.
   It makes you vulnerable to cold.
   It insulates you from electricity.
 s - a +1 cloak of poison resistance (worn)
Jewellery
 n - a +5 ring of dexterity (left hand)
Wands
 j - a wand of acid (5/15)
 t - a wand of random effects (34/48)
Scrolls
 c - 2 scrolls of magic mapping
 d - 2 scrolls of identify
 f - 2 scrolls of teleportation
 g - a scroll of enchant weapon
 i - 5 scrolls of remove curse
 k - 3 scrolls of amnesia
 l - a scroll of enchant armour
Books
 q - a book of Cantrips

   Spells                             Type                      Level
   a - Confusing Touch                Hexes                        1
   b - Animate Skeleton               Necromancy                   1
   c - Summon Small Mammal            Summoning                    1
   d - Apportation                    Translocation                1


   Skills:
 + Level 6.6 Fighting
 + Level 8.7 Maces & Flails
 + Level 5.5 Armour
 + Level 4.5 Dodging
 - Level 0.3 Stealth
 * Level 8.1 Spellcasting
 + Level 0.6 Necromancy
 + Level 0.8 Evocations


You had 24 spell levels left.
You knew the following spells:

 Your Spells              Type           Power        Failure   Level  Hunger
a - Animate Skeleton      Necr           N/A          14%         1    N/A

Dungeon Overview and Level Annotations

Branches:
Dungeon (9/15)             Temple (0/1) D:7
   Lair: D:8-11         Orc: D:9-12

Altars:
Ashenzari
Cheibriados
Elyvilon
Fedhas
Gozag
Kikubaaqudgha
Qazlal
Sif Muna
Xom

Shops:
D:4 !   D:7 *

Annotations:
D:9 exclusion: oklob plant, Erica; Herrn's ghost, journeyman NaFE


Innate Abilities, Weirdness & Mutations

You do not eat or drink.
Your flesh is vulnerable to fire.
You are immune to poison.
Your flesh is cold resistant. (rC+)
You are immune to negative energy. (rN+++)
You are immune to unholy pain and torment.
You can survive without breathing.


Message History

* * * LOW HITPOINT WARNING * * *
Erica burns you.
* * * LOW HITPOINT WARNING * * *
Blink to where?
Press: ? - help, Dir - move target cursor You are very lightly contaminated with residual magic.
As you read the scroll of blinking, it crumbles to dust.
Your surroundings suddenly seem different.
There is a stone staircase leading up here.
You climb upwards.
There is a stone staircase leading down here.
You start resting.
A centaur comes into view.
A centaur is nearby!
The centaur shouts!
The centaur wields a shortbow.
The centaur shoots an arrow.
The arrow hits you.
* * * LOW HITPOINT WARNING * * *
The centaur shoots an arrow.
The arrow hits you!
You die...
Xom chortles!

..)###.###.# ##..####.# #P≈≈
.......###.# ##......# #♣≈≈
.........#.#### ##....## ###≈≈P
####..##......# #...### #..♣P≈
#.#####.#### ##.....###.##≈≈ #.#
#.# #..♣.#.....##≈≈ #.# #.#
#.♣≈♣†...####≈≈ #.# #.#
#####≈≈≈♣♣÷≈..##≈≈≈ #.# #.##
#.@.♣≈≈≈≈≈P♣♣..≈♣≈≈ ####.###
#..###...♣≈≈≈≈≈≈♣♣♣♣♣♣≈≈ ..#....#
##..##...P≈≈≈≈≈≈♣♣♣ ♣♣≈P #.#.##.#
##.##...♣≈≈≈≈≈≈≈≈♣♣♣≈≈≈ #.#.##.#
#.#...c♣≈≈≈≈≈≈≈P≈≈≈≈≈P #.#!##.#
#...##..P≈≈≈≈≈≈≈≈≈≈≈≈≈ #.#.##.#
####...#................
....##.###....#....≈≈≈≈≈≈≈≈≈≈≈≈≈≈
.........).........≈≈≈≈≈≈≈≈≈≈≈P≈≈


You could see a centaur.

Vanquished Creatures
  A two-headed ogre (D:9)
  The ghost of darksquall the Martial Artist, a novice DgTm (D:8)
  Edmund (D:4)
  4 orc warriors
  A black bear (D:9)
  3 ice beasts
  A sky beast (D:9)
  4 phantoms
  5 ogres
  8 bullfrogs
  A water moccasin zombie (D:9)
  3 scorpions
  5 killer bees (D:7)
  4 electric eels (D:8)
  3 crimson imps
  4 hounds
  5 jellies
  Crazy Yiuf (D:7)
  A centaur skeleton (D:6)
  5 orc priests
  A bullfrog skeleton (D:9)
  A gnoll shaman (D:4)
  Ijyb (D:2)
  4 iguanas
  10 orc wizards
  8 worker ants
  3 hound skeletons
  2 worker ant zombies
  12 adders
  6 gnolls
  A howler monkey skeleton (D:6)
  6 oozes
  An adder zombie (D:9)
  2 adder skeletons
  3 worms
  3 dart slugs
  3 leopard geckos
  43 orcs
  10 giant cockroaches
  18 goblins
  5 hobgoblins
  13 jackals
  11 kobolds
  7 quokkas
  2 ball pythons (D:1)
  5 bats
  6 frilled lizards
  A jackal skeleton (D:8)
  A quokka skeleton (D:6)
  A quokka zombie (D:4)
  8 rats
259 creatures vanquished.

Vanquished Creatures (collateral kills)
  The ghost of Keye the Carver, a novice MiFi (D:4)
  An ogre (D:5)
  A quokka zombie (D:7)
3 creatures vanquished.

Vanquished Creatures (others)
  An adder (D:8)
  An orc (D:8)
  3 kobolds (D:9)
5 creatures vanquished.

Grand Total: 267 creatures vanquished

Notes
Turn   | Place    | Note
-------+----------+-------------------------------------------
     0 | D:1      | Manul the Mummy Chaos Knight began the quest for the Orb.
     0 | D:1      | Reached XP level 1. HP: 18/18 MP: 1/1
    37 | D:1      | XOM: silly message
    96 | D:1      | Reached XP level 2. HP: 24/24 MP: 2/2
   840 | D:1      | Reached XP level 3. HP: 25/29 MP: 3/3
   900 | D:2      | Found a faded altar of an unknown god.
   900 | D:2      | XOM: 5-stop teleportation journey
  1058 | D:2      | Noticed Ijyb
  1144 | D:2      | Killed Ijyb
  1144 | D:2      | Reached XP level 4. HP: 29/36 MP: 4/4
  1306 | D:2      | XOM: divination: detect creatures
  1469 | D:2      | Reached skill level 1 in Dodging
  1483 | D:2      | XOM: smoke on damage
  1670 | D:2      | XOM: harmless Hex miscast
  1949 | D:3      | Noticed an ogre
  1949 | D:3      | XOM: divination: magic mapping
  1971 | D:3      | XOM: silly message
  2134 | D:3      | XOM: potion effect (might)
  2138 | D:3      | Killed an ogre
  2138 | D:3      | Reached XP level 5. HP: 42/42 MP: 5/5
  2323 | D:3      | XOM: silly message
  2350 | D:3      | Found a stormy altar of Qazlal.
  2366 | D:3      | Found an ancient bone altar of Kikubaaqudgha.
  2366 | D:3      | Found a snail-covered altar of Cheibriados.
  2507 | D:3      | XOM: butterfly on damage
  2623 | D:4      | Found Bapiq's Distillery.
  2634 | D:4      | Noticed Edmund
  2650 | D:4      | Killed Edmund
  2650 | D:4      | Reached skill level 1 in Spellcasting
  2650 | D:4      | Reached XP level 6. HP: 24/48 MP: 5/7
  2765 | D:4      | XOM: harmless Summ miscast
  3105 | D:4      | XOM: harmless Tloc miscast
  3139 | D:4      | Reached skill level 5 in Maces & Flails
  3139 | D:4      | Reached XP level 7. HP: 42/55 MP: 9/9
  3230 | D:4      | Noticed Keye's ghost (novice MiFi)
  3552 | D:4      | XOM: potion effect (curing)
  3655 | D:4      | XOM: harmless Erth miscast
  3728 | D:4      | XOM: 3-stop teleportation journey
  4029 | D:4      | Reached skill level 5 in Fighting
  4058 | D:4      | XOM: summons 1 hostile demon
  4153 | D:4      | Found a deep blue altar of Sif Muna.
  4153 | D:4      | Found a white marble altar of Elyvilon.
  4155 | D:4      | Found an opulent altar of Gozag.
  4157 | D:4      | XOM: mild Fire miscast
  4197 | D:4      | XOM: harmless Erth miscast
  4202 | D:4      | XOM: mild Conj miscast
  4228 | D:4      | XOM: summons 4 friendly demons
  4232 | D:4      | XOM: polymorph ufetubus -> shadow imp
  4257 | D:4      | Killed Keye's ghost
  4257 | D:4      | Reached XP level 8. HP: 19/62 MP: 12/14
  4322 | D:4      | XOM: scenery: 2 doors close
  4705 | D:5      | Entered Level 5 of the Dungeon
  4724 | D:5      | Found a glowing drain.
  4756 | D:5      | XOM: harmless Hex miscast
  4790 | D:5      | XOM: fog
  4797 | D:5      | Got a slimy ring mail
  4808 | D:5      | Identified the +2 ring mail of Obriunatas {rElec rF+ rC- Int+4 Dex+4} (You found it on level 5 of the Dungeon)
  4947 | D:5      | Learned a level 1 spell: Animate Skeleton
  5143 | D:5      | XOM: fog
  5225 | D:5      | XOM: god gift: glowing buckler {god gift}
  5349 | D:5      | XOM: divination: magic mapping
  5434 | D:6      | XOM: divination: magic mapping
  5460 | D:6      | Reached skill level 5 in Spellcasting
  5471 | D:6      | XOM: fog
  5529 | D:6      | XOM: harmless Erth miscast
  5534 | D:6      | XOM: snakes to sticks
  5598 | D:6      | XOM: confuse monster(s)
  5621 | D:6      | Found a shattered altar of Ashenzari.
  5647 | D:6      | XOM: scenery: create altars
  5648 | D:6      | XOM: cleaving
  5656 | D:6      | XOM: enchant monster (bad)
  5662 | D:6      | Reached XP level 9. HP: 63/69 MP: 15/17
  6180 | D:6      | XOM: enchant monster (bad)
  6285 | D:7      | XOM: swap monsters
  6317 | D:7      | XOM: silly message
  6588 | D:7      | Found a staircase to the Ecumenical Temple.
  6606 | D:7      | XOM: enchant monster (good)
  6742 | D:7      | Found Vyuh's Assorted Antiques.
  6813 | D:7      | XOM: cast spell 'Call Canine Familiar'
  6998 | D:7      | XOM: confuse monster(s)
  7209 | D:7      | Found a runed door.
  7310 | D:8      | Noticed darksquall's ghost (novice DgTm)
  7644 | D:7      | Noticed Crazy Yiuf
  7654 | D:7      | Killed Crazy Yiuf
  7685 | D:8      | XOM: enchant monster (good)
  7688 | D:8      | XOM: noise
  7708 | D:7      | XOM: divination: magic mapping
  7810 | D:8      | XOM: cast spell 'Summon Mana Viper'
  8094 | D:8      | XOM is BORED!
  8094 | D:8      | XOM: medium Air miscast
  8114 | D:8      | XOM: cast spell 'Cause Fear'
  8140 | D:8      | XOM: divination: detect creatures
  8435 | D:7      | Got an iridescent hunting sling
  8436 | D:7      | Identified the +3 hunting sling of Acorips {venom, Dex+4} (You found it on level 7 of the Dungeon)
  8854 | D:8      | XOM: scenery: create altars
  8918 | D:8      | XOM: summons friendly ufetubus
  8920 | D:8      | XOM: polymorph ufetubus -> shadow imp
  8927 | D:8      | Killed darksquall's ghost
  8927 | D:8      | Reached XP level 10. HP: 58/77 MP: 20/20
  8964 | D:8      | Reached skill level 5 in Armour
  9084 | D:8      | XOM: summons 5 hostile demons
  9321 | D:9      | XOM: silly message
  9383 | D:9      | Found a blossoming altar of Fedhas.
  9394 | D:9      | Noticed an oklob plant
  9451 | D:9      | Noticed Herrn's ghost (journeyman NaFE)
  9462 | D:9      | XOM: 2-stop teleportation journey
  9519 | D:9      | Noticed a two-headed ogre
  9520 | D:9      | XOM: enchant monster (good)
  9545 | D:9      | XOM: swap monsters
  9548 | D:9      | Killed a two-headed ogre
  9916 | D:9      | XOM: 2-stop teleportation journey
  9927 | D:9      | XOM: butterfly on damage
  9936 | D:9      | XOM: severe Air miscast
 10152 | D:9      | XOM: enchant monster (bad)
 10344 | D:9      | Noticed Erica
 10348 | D:9      | XOM: summons 2 hostile shadow creatures
 10376 | D:8      | Shot with an arrow by a centaur

Vault maps used:
D:1:      dpeg_arrival_simpleton_c
D:2:      kennysheep_the_goblin_king, chequers_ecumenical_altar_island,
          kennysheep_generic_room_4
D:3:      overflow_temple_1_default, gammafunk_temple_overflow_wave,
          minmay_ogre_servants
D:4:      nicolae_overflow_hidden_temple, serial_shops,
          nicolae_shop_statue_plus, first_bread, guppyfry_early_orc_mine,
          uniq_edmund
D:5:      portal_sewer_entry_b
D:6:      nicolae_ashenzari_panopticon, lemuel_statue_altar
D:7:      minmay_temple_entry_enclosed_plants, serial_shops, nicolae_shop_trees,
          uniq_crazy_yiuf_cottage
D:8:      serial_bayou, serial_bayou_shore_b, serial_bayou_pond_d,
          serial_bayou_lagoon_b, serial_bayou_shore_b, serial_bayou_pond_a,
          serial_bayou_shore_b
D:9:      hangedman_little_slice_of_home, tgw_fedhas, uniq_erica

Skill      XL: |  1  2  3  4  5  6  7  8  9 10 |
---------------+-------------------------------+-----
Maces & Flails | 3 4 5 7 8 |  8.7
Armour         | 2 3 4 5 |  5.5
Dodging        | 1 2 3 4 |  4.5
Fighting       | 4 5 6 |  6.6
Spellcasting   | 1 4 5 7 8 |  8.1
Stealth        | |  0.3
Necromancy     | |  0.6
Evocations     | |  0.8

Action                   |  1- 3 |  4- 6 |  7- 9 | 10-12 || total
-------------------------+-------+-------+-------+-------++-------
Melee: Mace              |   114 |   137 |    35 |     8 ||   294
       Whip              |       |       |   673 |   170 ||   843
 Cast: Animate Skeleton  |       |       |     5 |       ||     5
Evoke: Wand              |       |     1 |     3 |     4 ||     8
  Use: Scroll            |       |     5 |    10 |     2 ||    17
 Stab: Confused          |       |     1 |     1 |       ||     2
       Distracted        |       |       |     1 |     1 ||     2
       Petrified         |       |       |     6 |       ||     6
       Petrifying        |       |       |     1 |       ||     1
       Sleeping          |       |       |       |     1 ||     1
Armor: Leather armour    |    58 |    43 |    33 |       ||   134
       Ring mail         |       |       |   171 |    83 ||   254
Dodge: Dodged            |    96 |    63 |   345 |   131 ||   635
